Map: Abiogênese LE

Players

Cirrus

  • Race: Terran Terran
  • League: Gold
  • Spawn Location: 5:00

IagoAbreu - Winner!

  • Race: Zerg Zerg
  • League: Gold
  • Spawn Location: 11:00

VOD

Have the link to the VOD?

Description

Time

  • Played on: May 12, 2018, 11:41 a.m.
  • Length: 5:39
Show
View Real Time Build Order
Export as new Build Order

Cirrus Terran 

Build Orders:  

Get SALT Encoding   

  12  0:02  SCV  
  13  0:14  SCV  
  14  0:17  Supply Depot  
  14  0:26  SCV  
  15  0:30  Refinery  
  15  0:39  SCV  
  16  0:46  Barracks  
  16  0:52  SCV  
  17  1:07  SCV  
  18  1:19  SCV  
  19  1:47  Command Center  
  19  1:48  Barracks Reactor  
  19  1:51  Orbital Command  
  19  2:03  Factory  
  19  2:09  Supply Depot  
  19  2:22  SCV  
  20  2:27  Refinery  
  19  2:32  Marine x2  
  21  2:41  SCV  
  22  2:54  SCV  
  23  2:59  Factory  
  23  3:01  Orbital Command  
  23  3:02  Barracks Reactor  
  23  3:20  Hellion x2  
  27  3:29  SCV x2  
  27  3:41  SCV, Hellion x2  
  24  4:11  Hellion x3  
  30  4:22  Hellion  
Show
View Real Time Build Order
Export as new Build Order

IagoAbreu Zerg - Winner!

Build Orders: Pool First 

Get SALT Encoding   

  12  0:02  Drone  
  13  0:09  Drone  
  14  0:17  Overlord  
  14  0:21  Extractor  
  13  0:24  Drone  
  14  0:40  Drone x2  
  16  0:52  Spawning Pool  
  15  1:15  Hatchery  
  14  1:19  Drone  
  14  1:23  Drone  
  16  1:27  Drone  
  17  1:35  Evolution Chamber  
  16  1:45  Zergling x4  
  18  2:08  Roach Warren  
  17  2:10  Zerg Missile Weapons Level 1  
  17  2:19  Drone x3  
  20  2:35  Drone  
  20  2:37  Queen  
  21  2:40  Drone  
  24  2:52  Spine Crawler  
  24  2:57  Spine Crawler  
  22  3:05  Roach x2  
  26  3:12  Overlord  
  26  3:38  Roach x3  
  32  4:01  Roach x2  
  36  4:56  Overlord  
  36  4:57  Overlord x2  
  36  5:19  Roach  
Tags
 
Add a new tag
Caveats
  • Supply blocks, unpowered buildings, or Contaminate may cause inaccurate times.
  • Supply counts are checked every 10 seconds.